AoeStats
← tom

Golden Pit

508712675Analyzed
1v1 RM · 9d ago on Sep 23, 2026· 52m 21s· 2 players
Game mode
Random Map
Map size
Tiny (2 player)
Population
200
Speed
Normal
Resources
Standard
Victory
Conquest
Starting age
Dark Age
Ending age
Imperial Age
RankedLock teamsTeams togetherTeam positionsShared explorationLock speedFull tech treeHidden civsTurbo modeCheats
Victory
Defeat
🇫🇷 Mongols · France
778
+16
🇱🇻 Japanese · Latvia
788
-16
Afuera! Afuera! Afuera!
1:11 Loom
10:31 Feudal Age
11:58 Wheelbarrow
15:26 Castle Age
14:32 Fletching
14:43 Horse Collar
20:18 Double-Bit Axe
20:46 Scale Barding Armor
21:04 Fervor
22:01 Heavy Plow
23:08 Husbandry
24:30 Chain Barding Armor
24:46 Town Watch
24:58 Herbal Medicine
25:57 Gold Mining
26:05 Stone Mining
28:38 Bodkin Arrow
30:25 Devotion
30:38 Bloodlines
30:31 Padded Archer Armor
30:41 Forging
32:18 Heresy
33:11 Bow Saw
32:57 Elite Skirmisher
34:52 Ballistics
34:43 Masonry
35:17 Leather Archer Armor
37:18 Stone Shaft Mining
37:48 Atonement
38:29 Murder Holes
44:43 Imperial Age
43:07 Iron Casting
41:55 Light Cavalry
43:58 Hand Cart
44:49 Capped Ram
45:36 Bracer
45:02 Cavalier
47:26 Chemistry
47:42 Siege Ram
47:43 Heavy Scorpion
49:13 Drill
49:14 Conscription
49:30 Hoardings
48:59 Scale Mail Armor
48:21 Pikeman
48:22 Man-at-Arms
48:48 Arson
49:30 Nomads
49:01 Sappers
50:04 Town Patrol
50:14 Crossbowman
51:19 Onager
tom
7:56 Loom
10:44 Feudal Age
10:46 Man-at-Arms
13:34 Double-Bit Axe
20:32 Castle Age
20:01 Gold Mining
20:02 Stone Mining
21:09 Pikeman
21:51 Squires
21:39 Arson
22:33 Scale Mail Armor
23:25 Fletching
24:58 Bodkin Arrow
26:04 Wheelbarrow
29:59 Bow Saw
30:34 Thumb Ring
32:21 Padded Archer Armor
33:29 Ballistics
33:56 Leather Archer Armor
34:21 Scale Barding Armor
36:56 Hand Cart
41:03 Imperial Age
39:26 Chain Mail Armor
40:24 Forging
40:55 Town Watch
42:41 Kataparuto
43:30 Iron Casting
44:02 Murder Holes
44:36 Bracer
45:57 Plate Mail Armor
45:58 Ring Archer Armor
46:46 Chemistry
45:58 Masonry
47:37 Conscription
50:03 Blast Furnace
49:57 Conscription
51:09 Siege Engineers
Connection lost

Rejoining the realm…

Still unreachable

The connection could not be restored.

Session expired

The server has moved on; the page needs a fresh start.